 Dungeon Crawl Stone Soup version 0.30-a0-358-g0d69a1922f (webtiles) character file.

Game seed: 18269772505341938184

207 funkygono the Firebug (level 5, -2/35 HPs)
             Began as a Demonspawn Fire Elementalist on Nov 10, 2022.
             Was an Initiate of Vehumet.
             Slain by Crazy Yiuf
             ... wielding a +3 quarterstaff of chaos
              (6 damage)
             ... on level 4 of the Dungeon.
             The game lasted 00:05:37 (4321 turns).

funkygono the Firebug (DsFE)                        Turns: 4321, Time: 00:05:38

Health: -2/35      AC:  2    Str:  8    XL:     5   Next: 54%
Magic:  4/10       EV: 12    Int: 18    God:    Vehumet [......]
Gold:   224        SH:  0    Dex: 14    Spells: 5/11 levels left

rFire   . . .      SeeInvis .    w - +0 whip (distort)
rCold   . . .      Faith    .    (no shield)
rNeg    . . .      Spirit   .    a - +0 robe
rPois   .          Reflect  .    (helmet restricted)
rElec   .          Harm     .    f - scarf {+Inv}
rCorr   .          Rampage  .    (no gloves)
Will    .....                    (no boots)
Stlth   ++........               (no amulet)
HPRegen 0.25/turn                (no ring)
MPRegen 0.12/turn                (no ring)

@: very slightly contaminated
A: horns 1, demonic guardian 1, ignite blood 1
a: Renounce Religion, Evoke Invisibility


You were on level 4 of the Dungeon.
You worshipped Vehumet.
Vehumet was noncommittal.
You visited 1 branch of the dungeon, and saw 4 of its levels.

You collected 224 gold pieces.

Inventory:

Hand Weapons
 c - a +0 whip
 k - a +1 vampiric dagger
 w - a +0 whip of distortion (weapon)
Armour
 a - a +0 robe (worn)
 f - a scarf of invisibility (worn)
Magical Staves
 e - a staff of conjuration
Jewellery
 n - an amulet of regeneration
 p - a ring of poison resistance
 q - an amulet of the acrobat
Scrolls
 d - 8 scrolls of identify {unknown}
 g - 2 scrolls of teleportation {unknown}
 i - 2 scrolls of immolation {unknown}
 j - a scroll of blinking {unknown}
 m - 2 scrolls of vulnerability {unknown}
 r - a scroll of silence {unknown}
 s - 2 scrolls of fear {unknown}
 u - a scroll of poison {unknown}
 v - a scroll of butterflies {unknown}
Potions
 b - 3 potions of magic
 h - 2 potions of flight {unknown}
 l - a potion of attraction {unknown}
 o - 2 potions of brilliance {unknown}
 t - a potion of heal wounds {unknown}
 x - a potion of might {unknown}


   Skills:
 + Level 0.1 Maces & Flails
 + Level 2.0 Dodging
 - Level 1.7 Stealth
 + Level 3.6 Spellcasting
 + Level 2.5 Conjurations
 + Level 4.1 Fire Magic


You had 5 spell levels left.
You knew the following spells:

 Your Spells              Type           Power      Damage    Failure   Level
a - Foxfire               Conj/Fire      60%        2x1d7     4%          1
b - Scorch                Fire           36%        2d7       4%          2
c - Kindle Blastsparks    Fire/Tloc/Air  16%        2d11      26%         3

Your spell library contained the following spells:

 Spells                   Type           Power      Damage    Failure   Level
 Static Discharge         Conj/Air       14%        2-3/arc   14%         2
 Inner Flame              Hex/Fire       10%        N/A       21%         3
 Flame Wave               Conj/Fire      15%        2d7       36%         4
 Vhi's Electric Charge    Tloc/Air       6%         N/A       43%         3
 Arcjolt                  Conj/Air       3%         1d13      95%         5
 Lightning Bolt           Conj/Air       3%         1d15      95%         5
 Summon Cactus Giant      Summ           1%         N/A       100%        6


Dungeon Overview and Level Annotations

Branches:
Dungeon (4/15)
 Temple: D:4-7

Altars:
Gozag
Okawaru
Qazlal
Vehumet

Shops:
D:4 =?[?

Annotations:
D:4 Crazy Yiuf


Innate Abilities, Weirdness & Mutations

You have a pair of small horns on your head.
A weak demonic guardian rushes to your aid.
Your demonic aura sometimes causes spilled blood to erupt in flames.


Message History

You now have 224 gold pieces (gained 18).
There is an open door here.
There is an open door here.
There is an open door here.
Found a hammer.
Found a runed translucent door.
Crazy Yiuf shouts!
Crazy Yiuf glowers.
There is a stone staircase leading down here.
You see here a +0 robe.
There is a stone staircase leading down here.
There is a stone staircase leading down here.
You see here a +0 robe.
You open the door.
There is an open door here.
You open the door.
Crazy Yiuf zaps a wand.
The roots erupt in riotous growth!
The grasping roots grab you! The grasping roots constrict you.
Casting: Foxfire (safe; 4% risk of failure)
Confirm with . or Enter, or press ? or * to list all spells.
You miscast Scorch.
You are very lightly contaminated with residual magic.
Nothing appears to happen.
The grasping roots constrict you!
Casting: Scorch (safe; 4% risk of failure)
Confirm with . or Enter, or press ? or * to list all spells.
Flames lash Crazy Yiuf.
Crazy Yiuf is heavily wounded.
Crazy Yiuf's fire resistance burns away.
Crazy Yiuf says, "Iron!"
Crazy Yiuf hits you with a +3 quarterstaff of chaos!
A demonic guardian appears!
Crazy Yiuf freezes you.
* * * LOW HITPOINT WARNING * * *
The grasping roots constrict you.
* * * LOW HITPOINT WARNING * * *
The grasping roots release their grip on you.
Casting: Scorch (safe; 4% risk of failure)
Confirm with . or Enter, or press ? or * to list all spells.
Flames lash Crazy Yiuf.
Crazy Yiuf is burned terribly!
Crazy Yiuf is almost dead.
Crazy Yiuf hits you with a +3 quarterstaff of chaos.
You die...

###.........####....######.#.....
..'.........'....................
###.........####....######.......
##....##### ###### ###.##..
##...# #..... ##..####### ######
##+....#.### ###
######......#5.##...#
#..........####@g...# #
#.####....## ###..)# ###
##.###..#### ### #.. ........#
#.# ##.##...# #.#
#.##...############# #.#
#.##...............# #.#
#..........######### #.#
####.......# #..


You could see Crazy Yiuf (combustible, ally target) and a friendly shadow imp
(summoned).

Vanquished Creatures
  A necrophage (D:4)
  An iguana (D:4)
  An adder (D:3)
  A worm (D:4)
  4 dart slugs (D:1)
  14 orcs
  7 ball pythons
  10 bats
  6 endoplasms
  3 giant cockroaches
  6 goblins
  6 hobgoblins
  6 jackals
  3 quokkas
  2 frilled lizards (D:3)
  6 kobolds
  5 rats
82 creatures vanquished.

Vanquished Creatures (others)
  214 foxfires
214 creatures vanquished.

Grand Total: 296 creatures vanquished

Notes
Turn   | Place    | Note
-------+----------+-------------------------------------------
     0 | D:1      | funkygono the Demonspawn Fire Elementalist began the quest
                  | for the Orb.
     0 | D:1      | Reached XP level 1. HP: 13/13 MP: 3/3
   116 | D:1      | Reached skill level 3 in Fire Magic
   148 | D:1      | Gained mutation: You have a pair of small horns on your
                  | head. [demonic ancestry]
   148 | D:1      | Reached XP level 2. HP: 19/19 MP: 0/5
   151 | D:1      | Learned a level 2 spell: Scorch
   659 | D:1      | Reached XP level 3. HP: 24/24 MP: 3/6
   663 | D:1      | Learned a level 3 spell: Kindle Blastsparks
  2303 | D:3      | Gained mutation: Your demonic aura sometimes causes spilled
                  | blood to erupt in flames. [demonic ancestry]
  2303 | D:3      | Reached XP level 4. HP: 30/30 MP: 5/8
  2461 | D:3      | Found a stormy altar of Qazlal.
  2461 | D:3      | Found an opulent altar of Gozag.
  2469 | D:3      | Found a faded altar of an unknown god.
  2471 | D:3      | Found a radiant altar of Vehumet.
  2473 | D:3      | Found an iron altar of Okawaru.
  2477 | D:3      | Became a worshipper of Vehumet
  3213 | D:4      | Found Badocsadd's Magic Scroll Shop.
  3253 | D:4      | Found Homur's Antique Armour Shoppe.
  3439 | D:4      | Found Emof Por's Magic Scroll Shop.
  3625 | D:4      | Noticed a necrophage
  3630 | D:4      | Killed a necrophage
  3631 | D:4      | Reached skill level 4 in Fire Magic
  3631 | D:4      | Gained mutation: A weak demonic guardian rushes to your
                  | aid. [demonic ancestry]
  3631 | D:4      | Reached XP level 5. HP: 35/35 MP: 3/10
  3721 | D:4      | Found Jeckes's Jewellery Shop.
  4193 | D:4      | Found a runed translucent door.
  4194 | D:4      | Noticed Crazy Yiuf
  4321 | D:4      | Slain by Crazy Yiuf

Illustrated notes

Levels and vault maps discovered:
D:1:      minmay_arrival_loop, layout_basic, minmay_misc_feat_rugged,
          minmay_misc_feat_square, minmay_misc_feat_cross, st_stairs_7
D:2:      layout_basic, moated_statue
D:3:      layout_basic, chequers_temple_overflow_minitemple,
          minmay_quadrilaterals
D:4:      layout_loops_corners, serial_shops, shop_scrolls, shop,
          nicolae_shop_waterfront, nicolae_shop_waterfront,
          uniq_crazy_yiuf_cottage

Skill      XL: |  1  2  3  4 |
---------------+-------------+-----
Fire Magic     | 3 4 |  4.1
Dodging        | 2 |  2.0
Spellcasting   | 3 |  3.6
Conjurations   | 2 |  2.5
Maces & Flails | |  0.1
Stealth        | |  1.7

Action                   |  1- 3 |  4- 6 || total
-------------------------+-------+-------++-------
Melee: Whip              |     2 |    12 ||    14
       Headbutt          |     1 |       ||     1
       Punch             |       |     1 ||     1
 Cast: Foxfire           |    70 |    52 ||   122
       Scorch            |     7 |     9 ||    16
Armor: Robe              |     1 |       ||     1
Dodge: Dodged            |     2 |    11 ||    13

Table legend: (Time is in decaauts)
 A = Elapsed time spent in this place.
 B = Non-inter-level travel time spent in this place.
 C = Inter-level travel time spent in this place.
 D = Time resting spent in this place.
 E = Time spent auto-exploring this place.
 F = Levels seen in this place.
 G = Mean time per level.
                   A        B        C        D        E       F      G
               +--------+--------+--------+--------+--------+-----+--------+
         Total |   4320 |   4293 |     27 |      0 |   3811 |   4 | 1080.0 |
       Dungeon |   4320 |   4293 |     27 |      0 |   3811 |   4 | 1080.0 |
               +--------+--------+--------+--------+--------+-----+--------+

Top non-repeatable levels by time:
     D:1: 1191 daAuts
     D:4: 1168 daAuts
     D:3: 998 daAuts
     D:2: 962 daAuts
